 Dungeon Crawl Stone Soup version 0.20-a0-947-g2784f4f (webtiles) character file.

3418 galech the Grappler (level 9, -7/85 HPs)
             Began as a Troll Monk on Apr 2, 2017.
             Was a High Priest of Cheibriados.
             Mangled by a two-headed ogre
             ... wielding a +0 giant spiked club
              (17 damage)
             ... on level 8 of the Dungeon.
             The game lasted 00:11:56 (5251 turns).

galech the Grappler (Troll Monk)                    Turns: 5251, Time: 00:11:57

Health: -7/85      AC:  5    Str: 37    XL:     9   Next: 76%
Magic:  7/7        EV: 14    Int: 17    God:    Cheibriados [*****.]
Gold:   349        SH:  0    Dex: 21    Spells: 8/8 levels left

rFire    + . .     SeeInvis .     - Unarmed
rCold    x . .     Gourm    +   (no shield)
rNeg     . . .     Faith    +   a - +0 robe
rPois    +         Spirit   .   (helmet restricted)
rElec    .         Reflect  .   (no cloak)
rCorr    .         Harm     .   (gloves unavailable)
MR       .....                  (boots unavailable)
Stlth    +++.......             F - amulet of faith
Regen    0.7/turn               w - ring of fire
MPRegen  0.1/turn               (no ring)

@: very slow
A: unfitting armour, claws 3, clumsy 1, fast metabolism 3, gourmand, low mp 1,
poison resistance, regeneration 1, shaggy fur 1, strong 1, tough skin 2, no
potion heal 1
a: Bend Time, Temporal Distortion, Slouch, Step From Time, Renounce Religion


You were on level 8 of the Dungeon.
You worshipped Cheibriados.
Cheibriados was extremely pleased with you.
You were very full.

You visited 1 branch of the dungeon, and saw 8 of its levels.
You also visited: Ossuary.

You collected 349 gold pieces.

Inventory:

Armour
 a - a +0 robe (worn)
Jewellery
 w - a ring of fire (left claw)
 F - an amulet of faith (around neck)
 H - an uncursed amulet of magic regeneration {unknown}
Wands
 u - a wand of iceblast (8/15)
 G - a wand of lightning (6/15)
Scrolls
 d - a scroll of identify
 e - 8 scrolls of remove curse {unknown}
 f - 5 scrolls of teleportation
 l - 2 scrolls of recharging
 n - a scroll of amnesia
 q - a scroll of blinking
 r - a scroll of fog
 x - 3 scrolls of enchant armour
 y - a scroll of fear {unknown}
 A - a scroll of brand weapon {unknown}
 D - a scroll of magic mapping {unknown}
Potions
 c - 2 potions of magic {unknown}
 g - 3 potions of ambrosia {unknown}
 h - 7 potions of curing {unknown}
 i - 2 potions of cancellation {unknown}
 j - 2 potions of heal wounds {unknown}
 k - 2 potions of invisibility {unknown}
 m - 2 potions of berserk rage {unknown}
 p - a potion of haste {unknown}
 s - 2 potions of mutation {unknown}
 v - a potion of agility {unknown}
 z - 2 potions of might {unknown}
 C - a potion of experience {unknown}
 E - a potion of flight {unknown}
Comestibles
 b - 9 bread rations
 o - 3 meat rations
 t - 6 fruits
 B - 4 royal jellies


   Skills:
 + Level 4.6 Fighting
 + Level 5.5 Dodging
 + Level 4.4 Stealth
 + Level 10.5 Unarmed Combat


You had 8 spell levels left.
You didn't know any spells.

Dungeon Overview and Level Annotations

Branches:
Dungeon (8/15)             Temple (0/1) D:6
   Lair: D:8-11

Altars:
Cheibriados
Gozag
Kikubaaqudgha
Ru
Uskayaw
Wu Jian
Xom
The Shining One

Annotations:
D:5 erloom's ghost, novice MiFi


Innate Abilities, Weirdness & Mutations

You are too large for most types of armour.
You have claws for hands.
Your metabolism is lightning-fast.
You like to eat raw meat.
Your natural rate of healing is unusually fast.
You are covered in fur. (AC +1)
You have very tough skin. (AC +2)
You are clumsy. (Dex -2)
Your magical capacity is low. (-10% MP)
Your system is resistant to poisons. (rPois)
Your muscles are strong. (Str +2)
Potions are less effective at restoring your health.


Message History

You are too injured to fight recklessly!
You are too injured to fight recklessly!
You are too injured to fight recklessly!
You are too injured to fight recklessly!
You are too injured to fight recklessly!
You are too injured to fight recklessly!
You are too injured to fight recklessly!
You are too injured to fight recklessly!
You scratch the two-headed ogre.
The two-headed ogre is lightly wounded.
You mangle the two-headed ogre!!
The two-headed ogre is heavily wounded.
The two-headed ogre hits you with a giant spiked club!!
* * * LOW HITPOINT WARNING * * *
The two-headed ogre hits you with a giant spiked club!
* * * LOW HITPOINT WARNING * * *
You barely miss the two-headed ogre. Your claw misses the two-headed ogre.
The two-headed ogre is heavily wounded.
The two-headed ogre hits you with a giant spiked club!
You die...

### #.. .#### ###.#
...... #####.#.#
......###.....#.#
#...........#.#.###.#
#.....O@....+.......#
#......##...#.#.#######
....... #.....#.......##
#...?..##..#...........#
#..........#.##...#.....
#.............#...#.....
#.......................
.......###..#..........#
#...................


You could see a two-headed ogre.

Vanquished Creatures
  Pikel (D:8)
  A spriggan (D:7)
  A wyvern (D:7)
  Eustachio (D:4)
  Duvessa (D:4)
  An ice beast (D:5)
  An orc warrior (D:6)
  3 sky beasts
  2 ogres
  4 elf zombies (Ossuary)
  The ghost of kr4n3x the Conjurer, an amateur DECj (D:3)
  Blork the orc (D:3)
  A bullfrog (D:7)
  Dowan (D:4)
  2 scorpions
  A howler monkey (D:4)
  A centaur zombie (D:7)
  A centaur skeleton (D:4)
  3 hounds
  3 orc wizards
  5 orc priests
  3 human zombies (Ossuary)
  3 bullfrog skeletons
  An iguana (D:6)
  6 worker ants
  A big kobold zombie (Ossuary)
  2 hound zombies
  3 mummies (Ossuary)
  12 adders
  3 gnolls (D:2)
  2 oozes
  6 adder zombies
  5 worms
  A dart slug (D:5)
  6 leopard geckos
  24 orcs
  2 ball pythons
  12 bats
  5 giant cockroaches
  8 goblins
  6 hobgoblins
  11 jackals
  2 quokkas
  A ball python skeleton (D:4)
  A ball python zombie (D:5)
  5 frilled lizards
  2 goblin zombies (Ossuary)
  6 hobgoblin zombies (Ossuary)
  2 jackal zombies (Ossuary)
  5 kobolds
  3 kobold zombies (Ossuary)
  A leopard gecko zombie (D:5)
  An orc zombie (Ossuary)
  A quokka skeleton (D:6)
  4 quokka zombies (Ossuary)
  8 rats
  5 rat zombies (Ossuary)
205 creatures vanquished.

Vanquished Creatures (others)
  An ogre (D:8)
  A bullfrog (D:8)
2 creatures vanquished.

Grand Total: 207 creatures vanquished

Notes
Turn   | Place    | Note
-------+----------+-------------------------------------------
     0 | D:1      | galech the Troll Monk began the quest for the Orb.
     0 | D:1      | Reached XP level 1. HP: 23/23 MP: 0/0
   110 | D:1      | Reached XP level 2. HP: 31/31 MP: 1/1
   391 | D:1      | Reached skill level 1 in Unarmed Combat
   427 | D:1      | Reached XP level 3. HP: 37/37 MP: 2/2
   802 | D:2      | Reached XP level 4. HP: 36/46 MP: 3/3
  1039 | D:2      | Reached skill level 2 in Unarmed Combat
  1237 | D:3      | Noticed kr4n3x's ghost (amateur DECj)
  1344 | D:3      | Killed kr4n3x's ghost
  1344 | D:3      | Reached skill level 3 in Unarmed Combat
  1344 | D:3      | Reached XP level 5. HP: 38/54 MP: 4/4
  1432 | D:3      | You fall through a shaft!
  1517 | D:4      | Found a glowing golden altar of the Shining One.
  1529 | D:4      | Reached XP level 6. HP: 52/62 MP: 5/5
  1625 | D:4      | Reached skill level 4 in Unarmed Combat
  1988 | D:3      | Found an ornate altar of the Wu Jian Council.
  1988 | D:3      | Found an opulent altar of Gozag.
  1989 | D:3      | Found an ancient bone altar of Kikubaaqudgha.
  2019 | D:3      | Found a shimmering altar of Xom.
  2138 | D:3      | Found a sacrificial altar of Ru.
  2271 | D:4      | Noticed Duvessa
  2272 | D:4      | Noticed Dowan
  2293 | D:4      | Noticed Blork the orc
  2395 | D:4      | Killed Duvessa
  2395 | D:4      | Reached skill level 5 in Unarmed Combat
  2395 | D:4      | Reached XP level 7. HP: 68/70 MP: 6/6
  2400 | D:3      | Killed Blork the orc
  2455 | D:4      | HP: 1/70 [Dowan/shard of ice (23)]
  2456 | D:4      | Killed Dowan
  2840 | D:4      | Reached skill level 6 in Unarmed Combat
  2906 | D:5      | Entered Level 5 of the Dungeon
  2908 | D:5      | Noticed Eustachio
  2927 | D:4      | Killed Eustachio
  2927 | D:4      | Reached XP level 8. HP: 48/78 MP: 7/7
  3019 | D:5      | Gained mutation: You are clumsy. (Dex -2) [mutagenic meat]
  3020 | D:5      | Lost mutation: You are clumsy. (Dex -2) [mutagenic meat]
  3021 | D:5      | Gained mutation: Your muscles are strong. (Str +2) [mutagenic meat]
  3034 | D:5      | Found a snail-covered altar of Cheibriados.
  3044 | D:5      | Became a worshipper of Cheibriados the Contemplative
  3044 | D:5      | Reached * piety under Cheibriados
  3044 | D:5      | Reached ** piety under Cheibriados
  3131 | D:5      | Noticed erloom's ghost (novice MiFi)
  3366 | D:5      | Reached skill level 7 in Unarmed Combat
  3454 | D:6      | Found a hide-covered altar of Uskayaw.
  3737 | D:6      | Reached skill level 5 in Dodging
  3794 | D:6      | Found a sand-covered staircase.
  3802 | Ossuary  | Entered an ossuary
  3817 | Ossuary  | Reached *** piety under Cheibriados
  3851 | Ossuary  | Reached skill level 8 in Unarmed Combat
  3951 | Ossuary  | Reached **** piety under Cheibriados
  4022 | Ossuary  | Reached XP level 9. HP: 77/85 MP: 8/8
  4134 | D:6      | Found a staircase to the Ecumenical Temple.
  4479 | D:7      | Reached skill level 9 in Unarmed Combat
  4516 | D:7      | Gained mutation: Your magical capacity is low. (-10% MP) [mutagenic meat]
  4517 | D:7      | Gained mutation: Your system is resistant to poisons. (rPois) [mutagenic meat]
  4678 | D:7      | Gained mutation: Potions are less effective at restoring your health. [mutagenic meat]
  4679 | D:7      | Gained mutation: You are clumsy. (Dex -2) [mutagenic meat]
  4942 | D:7      | Reached skill level 10 in Unarmed Combat
  5081 | D:8      | Noticed Pikel
  5091 | D:8      | Killed Pikel
  5229 | D:8      | Reached ***** piety under Cheibriados
  5245 | D:8      | Noticed a two-headed ogre
  5251 | D:8      | Mangled by a two-headed ogre

Vault maps used:
D:1:      arrival_zaba_pyramid
D:3:      nicolae_ru_great_annihilating_truth, grunt_temple_overflow_cloverleaf
D:4:      nicolae_overflow_crystal_walls, uniq_blork_the_orc, uniq_duvessa
D:5:      kennysheep_slug_shrine, first_bread, uniq_eustachio
D:6:      eat_drink_and_be_merry_uskayaw, temple_green, enter_ossuary_1
D:7:      the_bakery
D:8:      serial_shops, nicolae_shop_statue_plus, uniq_pikel, uniq_grum,
          uniq_erica
Ossuary:  minmay_ossuary_two_tombs

Skill      XL: |  1  2  3  4  5  6  7  8  9 |
---------------+----------------------------+-----
Unarmed Combat | 1 3 5 6 8 10 | 10.5
Dodging        | 4 5 |  5.5
Fighting       | 4 |  4.6
Stealth        | 3 4 |  4.4

Action                   |  1- 3 |  4- 6 |  7- 9 || total
-------------------------+-------+-------+-------++-------
Melee: Unarmed           |   106 |   156 |   316 ||   578
       Punch             |       |     6 |    22 ||    28
  Use: Scroll            |       |       |     6 ||     6
 Stab: Sleeping          |     3 |     6 |    12 ||    21
  Eat: Chunk             |    13 |    15 |    26 ||    54
Armor: Robe              |    44 |    36 |    51 ||   131
Dodge: Dodged            |    79 |    80 |   180 ||   339
